 Dungeon Crawl Stone Soup version 0.29.1-2-gbd0b4ee654 (webtiles) character file.

Game seed: 9089395034620613649

21 Anriel the Slasher (level 2, 0/22 HPs)
             Began as a Demonspawn Gladiator on Nov 28, 2022.
             Succumbed to a kobold's poison
             ... on level 1 of the Dungeon.
             The game lasted 00:04:35 (429 turns).

Anriel the Slasher (Demonspawn Gladiator)            Turns: 429, Time: 00:04:36

Health: 0/22       AC:  6    Str: 14    XL:     2   Next: 62%
Magic:  2/2        EV: 11    Int:  9    God:
Gold:   22         SH:  0    Dex: 14    Spells: 1/1 levels left

rFire   . . .      SeeInvis .   a - +0 long sword
rCold   . . .      Faith    .   (no shield)
rNeg    . . .      Spirit   .   g - +0 ring mail
rPois   .          Reflect  .   c - +0 helmet
rElec   .          Harm     .   (no cloak)
rCorr   .          Rampage  .   (no gloves)
Will    .....                   (no boots)
Stlth   +.........              (no amulet)
HPRegen 0.07/turn               (no ring)
MPRegen 0.08/turn               (no ring)

@: lethally poisoned (0 -> -6)
A: demonic guardian 1
a: no special abilities


You were on level 1 of the Dungeon.
You visited 1 branch of the dungeon, and saw 1 of its levels.

You collected 22 gold pieces.

Inventory:

Hand Weapons
 a - a +0 long sword (weapon)
Missiles
 d - 3 throwing nets (quivered)
Armour
 c - a +0 helmet (worn)
 g - a +0 ring mail (worn)


   Skills:
 + Level 2.2 Fighting
 + Level 3.1 Long Blades
 + Level 1.8 Throwing
 * Level 0.5 Armour
 + Level 2.9 Dodging


You had one spell level left.
You didn't know any spells.
Your spell library was empty.

Dungeon Overview and Level Annotations

Branches:
Dungeon (1/15)

Altars:

Shops:
D:1 [


Innate Abilities, Weirdness & Mutations

A weak demonic guardian rushes to your aid.


Message History

A kobold comes into view. It is wielding a +2 whip of venom.
The quokka bites you but does no damage.
You closely miss the quokka.
The kobold shouts!
The quokka bites you but does no damage.
You slash the quokka!
You kill the quokka!
The kobold throws a stone.
The stone hits you.
You see here a quokka corpse.
You closely miss the kobold. The kobold closely misses you.
You hit the kobold but do no damage. The kobold barely misses you.
You closely miss the kobold. The kobold hits you but does no damage.
You are poisoned.
You barely miss the kobold.
You feel very sick. The kobold barely misses you.
The kobold completely misses you.
You hit the kobold.
The kobold is moderately wounded.
You feel sick.
The kobold hits you with a +2 whip of venom.
A demonic guardian appears!
You are lethally poisoned!
You barely miss the kobold.
The kobold is moderately wounded.
* * * LOW HITPOINT WARNING * * *
You feel very sick. The kobold completely misses you.
Your iron imp hits the kobold.
The kobold dies!
You aren't carrying any potions.
Okay, then.
The air fills with toxic fumes!
As you read the scroll labelled MAOKEAN OVAZU, it crumbles to dust.
It was a scroll of poison.
* * * LOW HITPOINT WARNING * * *
You feel sick.
As you read the scroll labelled JOTWAHOE AFFAK, it crumbles to dust.
Wisps of shadow whirl around you...
It was a scroll of summoning.
* * * LOW HITPOINT WARNING * * *
You feel sick.
You die...

##§§# # ## #######§##
.# .. ..####§## #.#
#..# #####§####.# #.#
######§####.# ..#
##....Kg.....# #.#
...####5##### #.#
#######@## ## #.#
#..####J#####
#.########.#####§#####
...........#####§§.###
######.###.# ####.#
#.# #.####....# #.#
#.#.......# #.#
#.#.#.#.#.# #.#
#.#.......#


You could see a friendly iron imp (summoned), a friendly endoplasm (summoned), a
friendly hobgoblin (summoned) and a friendly kobold (summoned).

Vanquished Creatures
  A bat (D:1)
  3 giant cockroaches (D:1)
  6 goblins (D:1)
  3 kobolds (D:1)
  A quokka (D:1)
  2 ball pythons (D:1)
  A rat (D:1)
17 creatures vanquished.

Vanquished Creatures (collateral kills)
  A kobold (D:1)
1 creature vanquished.

Grand Total: 18 creatures vanquished

Notes
Turn   | Place    | Note
-------+----------+-------------------------------------------
     0 | D:1      | Anriel the Demonspawn Gladiator began the quest for the
                  | Orb.
     0 | D:1      | Reached XP level 1. HP: 16/16 MP: 1/1
   127 | D:1      | Gained mutation: A weak demonic guardian rushes to your
                  | aid. [demonic ancestry]
   127 | D:1      | Reached XP level 2. HP: 9/22 MP: 2/2
   155 | D:1      | Reached skill level 3 in Long Blades
   158 | D:1      | Found Alluush's Antique Armour Emporium.
   429 | D:1      | Succumbed to a kobold's poison

Illustrated notes

Levels and vault maps discovered:
D:1:      doesnt_arrival_eight_statues, layout_loops_ring, serial_shops, shop,
          serial_glass, glass_columns_a, glass_columns_c, glass_columns_b,
          glass_columns_a, glass_columns_b, glass_columns_a, glass_columns_b,
          glass_columns_a, reono_crystal_passage, minivault_11

Skill      XL: |  1  2 |
---------------+-------+-----
Long Blades    | 3 |  3.1
Fighting       | |  2.2
Throwing       | |  1.8
Armour         | |  0.5
Dodging        | |  2.9

Action                   || total
-------------------------++-------
Melee: Long sword        ||    44
Throw: Javelin           ||     7
  Use: Scroll            ||     2
Armor: Leather armour    ||     7
       Ring mail         ||     7
Dodge: Dodged            ||    35
